 Dungeon Crawl Stone Soup version 0.29.1-15-g9cfb28693d (webtiles) character file.

Game seed: 8462301083788959798

58 Heoruswealwe the Magician (level 3, 0/19 HPs)
             Began as a Deep Elf Earth Elementalist on Apr 14, 2023.
             Shot with a sling bullet by a goblin (2 damage)
             ... on level 3 of the Dungeon.
             The game lasted 00:11:17 (1178 turns).

Heoruswealwe the Magician (DEEE)                    Turns: 1178, Time: 00:11:18

Health: 0/19       AC:  2    Str:  5    XL:     3   Next: 76%
Magic:  9/11       EV: 12    Int: 21    God:
Gold:   82         SH:  0    Dex: 15    Spells: 5/11 levels left

rFire   . . .      SeeInvis .   d - +5 hand axe (flame)
rCold   . . .      Faith    .   (no shield)
rNeg    . . .      Spirit   .   a - +0 robe
rPois   .          Reflect  .   (no helmet)
rElec   .          Harm     .   (no cloak)
rCorr   .          Rampage  .   (no gloves)
Will    .....                   (no boots)
Stlth   ++........              f - amulet of regeneration
HPRegen 0.86/turn               (no ring)
MPRegen 0.12/turn               (no ring)

@: fire susceptible
A: no striking features
a: no special abilities


You were on level 3 of the Dungeon.
You visited 1 branch of the dungeon, and saw 3 of its levels.

You collected 82 gold pieces.

Inventory:

Hand Weapons
 d - a +5 hand axe of flaming (weapon)
Armour
 a - a +0 robe (worn)
 i - a +0 robe
 q - a +0 robe
Jewellery
 f - an amulet of regeneration (around neck)
Scrolls
 m - a scroll of magic mapping
 n - a scroll of summoning {unknown}
 o - a scroll of silence {unknown}
Potions
 b - a potion of magic
 c - 2 potions of heal wounds
 e - a potion of might
 g - 3 potions of curing
 h - a potion of attraction {unknown}
 j - a potion of mutation {unknown}
 k - a potion of flight {unknown}
 l - a potion of degeneration {unknown}
 p - a potion of berserk rage {unknown}


   Skills:
 - Level 2.4 Dodging
 - Level 2.4 Stealth
 + Level 4.5 Spellcasting
 - Level 1.1 Transmutations
 + Level 4.3 Earth Magic


You had 5 spell levels left.
You knew the following spells:

 Your Spells              Type           Power      Damage    Failure   Level
a - Sandblast             Erth           46%        2d11      1%          1
b - Stone Arrow           Conj/Erth      26%        3d8       14%         3
z - Passwall              Tmut/Erth      13%        N/A       5%          2

Your spell library contained the following spells:

 Spells                   Type           Power      Damage    Failure   Level
 Blink                    Tloc           8%         N/A       17%         2
 Petrify                  Tmut/Erth      16%        N/A       36%         4
 Manifold Assault         Tloc           4%         N/A       97%         5
 Storm Form               Tmut/Air       3%         N/A       100%        7


Dungeon Overview and Level Annotations

Branches:
Dungeon (3/15)

Altars:
Ignis


Message History

Really renounce your faith, foregoing its fabulous benefits?
Are you sure?
You have lost your religion!
Ignis blazes with a vengeful fury!
Ignis burns away your resistance to fire.
Done exploring.
Done exploring.
Done exploring.
Done exploring.
Done exploring.
Done exploring.
Done exploring.
Search for what [Enter for "."]? .
There is an escape hatch in the floor here.
You slide downwards.
The hatch slams shut behind you.
Found 14 gold pieces.
You can't see any susceptible monsters within range! (Use Z to cast anyway.)
The goblin shouts!
The hobgoblin shouts!
The hobgoblin shoots a sling bullet.
The sling bullet hits you!
A goblin opens the door.
You hear a shout! x3
Found a ring mail.
A hobgoblin comes into view. It is wielding a +0 club.
The blast of sand hits the goblin!
You kill the goblin!
The goblin shouts!
The hobgoblin shouts!
You hear a shout! x4
The hobgoblin shoots a sling bullet.
The sling bullet barely misses you.
Something unseen opens the door.
A goblin comes into view. It is wielding a +0 club.
The goblin shoots a sling bullet.
The sling bullet hits you.
You hear a shout! x3
The blast of sand hits the goblin!
You kill the goblin!
A hobgoblin comes into view. It is wielding a +0 club. x2
A goblin comes into view. It is wielding a +0 club.
The goblin shoots a sling bullet.
The sling bullet closely misses you.
The hobgoblin shoots a sling bullet.
The sling bullet hits you!
* * * LOW HITPOINT WARNING * * *
The goblin shoots a sling bullet.
The sling bullet hits you.
You die...

########
##......#
##.......#
#........##g#
#......@..g.#
+.........$.#
#.........gg#
#........##g#
##.....).# g#
##......# #
########


You could see 4 hobgoblins and 2 goblins.

Vanquished Creatures
  3 adders (D:2)
  5 ball pythons
  2 bats (D:2)
  3 endoplasms
  A giant cockroach (D:1)
  3 goblins
  2 hobgoblins (D:2)
  4 kobolds
  2 quokkas
  2 frilled lizards (D:2)
  3 rats
30 creatures vanquished.

Notes
Turn   | Place    | Note
-------+----------+-------------------------------------------
     0 | D:1      | Heoruswealwe the Deep Elf Earth Elementalist began the
                  | quest for the Orb.
     0 | D:1      | Reached XP level 1. HP: 10/10 MP: 6/6
   121 | D:1      | Reached XP level 2. HP: 10/15 MP: 1/8
   124 | D:1      | Learned a level 2 spell: Passwall
   729 | D:2      | Reached XP level 3. HP: 19/19 MP: 4/10
   734 | D:2      | Learned a level 3 spell: Stone Arrow
  1100 | D:2      | Found a faded altar of an unknown god.
  1122 | D:2      | Prayed at the altar of an unknown god.
  1122 | D:2      | Became a worshipper of Ignis, the Dying Flame
  1123 | D:2      | Fell from the grace of Ignis
  1178 | D:3      | Shot with a sling bullet by a goblin

Illustrated notes

Levels and vault maps discovered:
D:1:      lemuel_arrival_river_bridge, layout_rooms, minmay_misc_feat_roman
D:2:      minmay_spotlight, layout_rooms, basic_ecumenical_altar
D:3:      minmay_goblin_kobold_castle, layout_rooms,
          mainiacjoe_overflow_alcove_4, uniq_ijyb

Skill      XL: |  1  2 |
---------------+-------+-----
Spellcasting   | 4 |  4.5
Earth Magic    | 4 |  4.3
Dodging        | |  2.4
Stealth        | |  2.4
Transmutations | |  1.1

Action                   || total
-------------------------++-------
 Cast: Sandblast         ||    40
       Passwall          ||     1
Invok: Renounce Religion ||     1
  Use: Scroll            ||     5
Armor: Robe              ||     5
Dodge: Dodged            ||    13
